 Dungeon Crawl Stone Soup version 0.22-a0-565-gfc6459a524 (webtiles) character file.

44 PikkenKukken the Skirmisher (level 3, -16/29 HPs)
             Began as a Demonspawn Fighter on June 28, 2018.
             Was an Initiate of Ashenzari.
             Killed from afar by an adder (29 damage)
             ... with an exploding inner flame
             ... hexed by the player character
             ... on level 2 of the Dungeon.
             The game lasted 00:03:37 (1514 turns).

PikkenKukken the Skirmisher (Demonspawn Fighter)    Turns: 1514, Time: 00:03:37

Health: -16/29     AC:  6    Str: 16    XL:     3   Next: 39%
Magic:  3/3        EV:  9    Int:  9    God:    Ashenzari [......]
Gold:   30         SH:  0    Dex: 13    Spells: 2/2 levels left

rFire    . . .     SeeInvis .   a - +1 war axe
rCold    . . .     Gourm    .   (no shield)
rNeg     . . .     Faith    .   b - +0 scale mail
rPois    .         Spirit   .   (no helmet)
rElec    .         Reflect  .   (no cloak)
rCorr    .         Harm     .   (no gloves)
MR       .....                  (no boots)
Stlth    ..........             (no amulet)
HPRegen  0.09/turn              (no ring)
MPRegen  0.08/turn              (no ring)

@: lethally poisoned (-16 -> -25)
A: claws 1
a: Curse Item, Renounce Religion


You were on level 2 of the Dungeon.
You worshipped Ashenzari.
Ashenzari was noncommittal.
You were not hungry.

You visited 1 branch of the dungeon, and saw 2 of its levels.

You collected 30 gold pieces.

Inventory:

Hand Weapons
 a - a +1 war axe (weapon)
Armour
 b - a +0 scale mail (worn)
Scrolls
 g - a scroll of remove curse
Potions
 c - a potion of lignification {unknown}
 d - a potion of might
 e - a potion of ambrosia
 h - a potion of heal wounds {unknown}
 i - a potion of curing {unknown}
Comestibles
 f - 3 rations
 j - a chunk of flesh


   Skills:
 + Level 3.4 Fighting
 + Level 2.3 Axes
 + Level 3.1 Armour
 + Level 1.1 Dodging
   Level 2.6 Shields


You had 2 spell levels left.
You didn't know any spells.
Your spell library was empty.

Dungeon Overview and Level Annotations

Branches:
Dungeon (2/15)

Altars:
Ashenzari
Xom


Innate Abilities, Weirdness & Mutations

You have sharp fingernails.


Message History

You feel less confused.
You feel sick. The adder bites you.
You are more poisoned.
The adder poisons you!
The ball python bites you but does no damage.
The ball python constricts you. The adder bites you.
You hit the ball python.
The ball python is severely wounded.
You closely miss the adder.
You feel sick. The adder barely misses you. The ball python bites you.
The ball python constricts you. The adder bites you but does no damage.
The ball python bites you but does no damage.
The ball python constricts you.
You hit the ball python.
The ball python explodes!
The fiery explosion engulfs the adder.
The adder explodes!
The fiery explosion engulfs you!
Ouch! That really hurt!
You die...

#.###.#.#
#.....#.#
#######.#
#.# #.#
#.# #§#
#§########
#@§§......
##########


There were no monsters in sight!

Vanquished Creatures
  An adder (D:2)
  A worm (D:2)
  A dart slug (D:1)
  5 bats
  A giant cockroach (D:2)
  3 hobgoblins
  6 jackals
  2 kobolds
  A quokka (D:2)
  2 frilled lizards (D:1)
  4 goblins (D:1)
  A rat (D:1)
28 creatures vanquished.

Notes
Turn   | Place    | Note
-------+----------+-------------------------------------------
     0 | D:1      | PikkenKukken the Demonspawn Fighter began the quest for the Orb.
     0 | D:1      | Reached XP level 1. HP: 18/18 MP: 1/1
   292 | D:1      | Gained mutation: You have sharp fingernails. [demonic ancestry]
   292 | D:1      | Reached XP level 2. HP: 24/24 MP: 2/2
   452 | D:1      | Found a shattered altar of Ashenzari.
   528 | D:1      | Became a worshipper of Ashenzari the Shackled
   990 | D:2      | Reached skill level 1 in Dodging
   990 | D:2      | Reached XP level 3. HP: 22/29 MP: 3/3
  1339 | D:2      | Found a shimmering altar of Xom.
  1514 | D:2      | Killed from afar by an adder

Vault maps used:
D:1:      lemuel_arrival_hallway, glass_columns_a, evilmike_ruin_ashenzari
D:2:      tgw_fedhas, xom_teletrap_fun, grunt_temple_overflow_open

Skill      XL: |  1  2 |
---------------+-------+-----
Axes           | 2 |  2.3
Armour         | 3 |  3.1
Dodging        | 1 |  1.1
Fighting       | |  3.4
Shields        | |  2.6

Action                   || total
-------------------------++-------
Melee: War axe           ||   105
  Use: Scroll            ||     5
       Potion            ||     1
  Eat: Chunk             ||     2
Armor: Scale mail        ||    66
Dodge: Dodged            ||    60

Table legend:
 A = Spawn XP
 B = Non-spawn XP
 C = Spawn XP percentage of total XP
 D = Spawn monster count
 E = Non-spawn monster count
 F = Spawn count percentage of total count
 G = Total turns spent on level
                    A         B        C        D         E        F      G
               +---------+---------+-------+---------+---------+-------+---------
         Total |       0 |      63 |   0.0 |       0 |      28 |   0.0 |  1514
               +---------+---------+-------+---------+---------+-------+---------
           D:1 |       0 |      31 |   0.0 |       0 |      18 |   0.0 |   821
           D:2 |       0 |      32 |   0.0 |       0 |      10 |   0.0 |   693
               +---------+---------+-------+---------+---------+-------+---------
